 Dungeon Crawl Stone Soup version 0.22-a0-596-gfbd32a6 (webtiles) character file.

94 sking99 the Insei (level 4, -1/38 HPs)
             Began as a Draconian Transmuter on July 5, 2018.
             Slain by a river rat (3 damage)
             ... on level 3 of the Dungeon.
             The game lasted 00:05:38 (1978 turns).

sking99 the Insei (Draconian Transmuter)            Turns: 1978, Time: 00:05:39

Health: -1/38      AC:  6    Str: 12    XL:     4   Next: 38%
Magic:  4/7        EV: 12    Int: 19    God:
Gold:   83         SH:  0    Dex: 12    Spells: 4/7 levels left

rFire    . . .     SeeInvis .     - Unarmed
rCold    . . .     Gourm    .   (no shield)
rNeg     . . .     Faith    .   (armour unavailable)
rPois    .         Spirit   .   (helmet restricted)
rElec    .         Reflect  .   d - +0 cloak
rCorr    .         Harm     .   (no gloves)
MR       .....                  (no boots)
Stlth    +.........             (no amulet)
HPRegen  0.12/turn              (no ring)
MPRegen  0.10/turn              (no ring)

@: brilliant, lethally poisoned (-1 -> -5), very slow
A: unfitting armour, cold-blooded, AC +5
a: no special abilities


You were on level 3 of the Dungeon.
You were not hungry.

You visited 1 branch of the dungeon, and saw 3 of its levels.

You collected 83 gold pieces.

Inventory:

Missiles
 a - 7 arrows
Armour
 d - a +0 cloak (worn)
Scrolls
 e - a scroll of fog {unknown}
 f - a scroll of enchant armour {unknown}
 g - 2 scrolls of enchant weapon
 h - a scroll of fear {unknown}
 i - 3 scrolls of remove curse {unknown}
 k - a scroll of magic mapping {unknown}
Comestibles
 b - 2 chunks of flesh
 c - 3 rations


   Skills:
 + Level 3.1 Fighting
 - Level 1.7 Dodging
 * Level 4.4 Unarmed Combat
 - Level 2.0 Spellcasting
 - Level 2.0 Transmutations


You had 4 spell levels left.
You knew the following spells:

 Your Spells              Type           Power        Failure   Level  Hunger
a - Beastly Appendage     Tmut           ###...       1%          1    #......
b - Sticks to Snakes      Tmut           ###.....     1%          2    ###....

Your spell library contained the following spells:

 Spells                   Type           Power        Failure   Level  Hunger
 Spider Form              Tmut/Pois      ###.......   4%          3    ###....
 Blade Hands              Tmut           ###.......   21%         5    ######.
 Ice Form                 Ice/Tmut       ###.....     12%         4    #####..


Dungeon Overview and Level Annotations

Branches:
Dungeon (3/15)

Altars:


Innate Abilities, Weirdness & Mutations

Your plain brown scales are hard. (AC +5)
You cannot fit into any form of body armour.
You are cold-blooded and may be slowed by cold attacks.


Message History

Your unstable footing causes you to fumble your attack.
You feel sick.
Your adder bites the river rat but does no damage.
The leopard gecko bites your adder.
Your adder dies!
The river rat bites you but does no damage.
You hit the river rat but do no damage.
The river rat is severely wounded.
The leopard gecko completely misses you.
The river rat bites you!
* * * LOW HITPOINT WARNING * * *
You feel clever all of a sudden.
* * * LOW HITPOINT WARNING * * *
You feel sick. The leopard gecko barely misses you.
The river rat barely misses you.
* * * LOW HITPOINT WARNING * * *
You feel sick.
The leopard gecko splashes around in the water.
The river rat bites you.
You die...

#########.[........'.).#
###.........##...#####...#
#.'.........##...# ###.##
#.#........###...# #...#
#.#........# #...# #.#.#
#.########## #...####.#.#
#.# ##.....##.#.# #.#
#####......##.### ###
≈####@≈##.#....##.#
≈≈≈≈≈≈≈rl≈..#....##.#
#≈≈####≈≈##########.# ####
#.# ###### #.# #....# #.#
##....# #.# #.....###.#
#.........# #


You could see a river rat and a leopard gecko.

Vanquished Creatures
  An orc wizard (D:3)
  2 adders
  6 leopard geckos
  6 orcs (D:3)
  3 giant cockroaches
  5 goblins
  7 hobgoblins
  2 quokkas (D:2)
  A bat (D:1)
  A frilled lizard (D:3)
  A kobold (D:3)
  3 rats
38 creatures vanquished.

Notes
Turn   | Place    | Note
-------+----------+-------------------------------------------
     0 | D:1      | sking99 the Draconian Transmuter began the quest for the Orb.
     0 | D:1      | Reached XP level 1. HP: 16/16 MP: 3/3
     0 | D:1      | Noticed a large abomination
     3 | D:1      | Noticed an iron dragon
     3 | D:1      | Noticed a red draconian
     5 | D:1      | Noticed an iron dragon
     8 | D:1      | Noticed an ice dragon
    10 | D:1      | Noticed an orb of fire
    10 | D:1      | Noticed an orb of fire
    12 | D:1      | Noticed a tentacled monstrosity
    12 | D:1      | Noticed a large abomination
    13 | D:1      | Noticed a tentacled monstrosity
    14 | D:1      | Noticed a shadow dragon
    16 | D:1      | Noticed a large abomination
    16 | D:1      | Noticed a shadow dragon
    18 | D:1      | Noticed a large abomination
   393 | D:1      | Reached XP level 2. HP: 24/24 MP: 3/5
   405 | D:1      | Learned a level 2 spell: Sticks to Snakes
  1038 | D:2      | Reached XP level 3. HP: 21/30 MP: 3/6
  1734 | D:3      | Reached skill level 4 in Unarmed Combat
  1905 | D:3      | Reached XP level 4. HP: 38/38 MP: 5/7
  1978 | D:3      | Slain by a river rat

Vault maps used:
D:1:      shiori_arrival_whats_in_store_for_you, minmay_surrounded
D:3:      gup_sewer_entry_bubbles

Skill      XL: |  1  2  3 |
---------------+----------+-----
Fighting       | 2 3 |  3.1
Unarmed Combat | 4 |  4.4
Dodging        | |  1.7
Spellcasting   | |  2.0
Transmutations | |  2.0

Action                   |  1- 3 |  4- 6 || total
-------------------------+-------+-------++-------
Melee: Unarmed           |   118 |    18 ||   136
       Tailslap          |    14 |     1 ||    15
       Headbutt          |     5 |       ||     5
       Kick              |     6 |     2 ||     8
       Punch             |     2 |       ||     2
 Cast: Beastly Appendage |    14 |       ||    14
       Sticks to Snakes  |     3 |     2 ||     5
  Use: Scroll            |     4 |       ||     4
       Potion            |       |     1 ||     1
 Stab: Sleeping          |     1 |       ||     1
  Eat: Chunk             |     4 |       ||     4
Armor: Skin              |    23 |     4 ||    27
Dodge: Dodged            |    53 |    14 ||    67

Table legend:
 A = Spawn XP
 B = Non-spawn XP
 C = Spawn XP percentage of total XP
 D = Spawn monster count
 E = Non-spawn monster count
 F = Spawn count percentage of total count
 G = Total turns spent on level
                    A         B        C        D         E        F      G
               +---------+---------+-------+---------+---------+-------+---------
         Total |       0 |     135 |   0.0 |       0 |      38 |   0.0 |  1978
               +---------+---------+-------+---------+---------+-------+---------
           D:1 |       0 |      30 |   0.0 |       0 |      15 |   0.0 |   716
           D:2 |       0 |      28 |   0.0 |       0 |       9 |   0.0 |   845
           D:3 |       0 |      77 |   0.0 |       0 |      14 |   0.0 |   417
               +---------+---------+-------+---------+---------+-------+---------
